 Dungeon Crawl Stone Soup version 0.17.0-56-gd8de76c (webtiles) character file.

91 gorblad the Skirmisher (level 4, -3/35 HPs)
             Began as a Demonspawn Fighter on Dec 6, 2015.
             Killed from afar by Ijyb (7 damage)
             ... with a wand of draining
             ... on level 3 of the Dungeon.
             The game lasted 00:05:33 (1448 turns).

gorblad the Skirmisher (Demonspawn Fighter)         Turns: 1448, Time: 00:05:33

Health: -3/35      AC:  9    Str: 18    XL:     4   Next: 33%
Magic:  4/4        EV:  7    Int:  9    God:
Gold:   136        SH:  9    Dex: 12    Spells: 0 memorised, 3 levels left

rFire  . . .     SeeInvis .     a - +5 trident
rCold  . . .     Clarity  .     b - +0 scale mail
rNeg   . . .     SustAt   .     c - +0 shield
rPois  .         Gourm    .     (no helmet)
rElec  .         Spirit   .     f - +0 cloak (curse)
rCorr  .         Warding  .     (no gloves)
rMut   .         Stasis   .     n - +0 pair of boots
MR     .....                    (no amulet)
Stlth  ..........               (no ring)
                                (no ring)

@: drained, not resistant to hostile enchantments, extremely unstealthy
A: claws 1, icy blue scales 1, rot immunity
a: no special abilities


You were on level 3 of the Dungeon.
You were not hungry.

You visited 1 branch of the dungeon, and saw 3 of its levels.

You collected 136 gold pieces.

Inventory:

Hand Weapons
 a - a +5 trident (weapon)
Armour
 b - a +0 scale mail (worn)
 c - a +0 shield (worn)
 f - a cursed +0 cloak (worn)
 n - a +0 pair of boots (worn)
Jewellery
 j - an uncursed amulet of rage {unknown}
Potions
 d - 3 potions of might
 g - 2 potions of curing {unknown}
 i - a potion of magic {unknown}
 l - a potion of degeneration {unknown}
 o - a potion of heal wounds {unknown}
Comestibles
 e - a bread ration
 p - 5 chunks of flesh


   Skills:
 + Level 3.5(3.0) Fighting
 + Level 2.4(2.0) Polearms
 + Level 3.1(2.7) Armour
 + Level 1.0(0.6) Dodging
 + Level 3.3(2.9) Shields


You had 3 spell levels left.
You didn't know any spells.

Dungeon Overview and Level Annotations

Branches:
Dungeon (3/15)

Altars:
Gozag
Nemelex Xobeh
Ru
The Shining One

Annotations:
D:2 Jessica
D:3 Ijyb


Innate Abilities, Weirdness & Mutations

You have sharp fingernails.
You are partially covered in icy blue scales (AC +1).
You are immune to rotting.


Message History

Attack whom?
Press: ? - help, Dir - move target cursor, f - orc
Aim: an orc, wearing a leather armour You reach to attack!
You closely miss the orc.
The orc throws a tomahawk.
The tomahawk hits you.
* * * LOW HITPOINT WARNING * * *
The orc throws a tomahawk.
The tomahawk hits you.
* * * LOW HITPOINT WARNING * * *
Ijyb the Twisted Goblin comes into view.
He is wielding a club.
Ijyb shouts!
The orc barely misses you.
Things that are here:
a dagger; an orc corpse You puncture the orc!
You kill the orc!
A rat and 2 orcs come into view.
The orc shouts!
The orc moves out of view.
Ijyb zaps a wand.
The bolt of negative energy hits you!
You feel drained.
You die... .or

#### .. ###.... #>#
.....## #g. .......
####..#......#
#...........
#....<...# #.....@#.#
######)#.# #(#.#
############# #...#
#...........# ##).#
#.......###.#####..#
#.......###.##.....#
#.........#.##.###..#
#.......#.#.##.# #.#


You could see Ijyb, an orc and a rat.

Vanquished Creatures
  An orc priest (D:3)
  2 adders (D:2)
  An ooze (D:2)
  An orc (D:3)
  8 hobgoblins
  3 kobolds (D:1)
  A quokka (D:2)
  7 bats
  A giant cockroach (D:2)
  3 giant newts
  5 goblins
  4 rats
37 creatures vanquished.

Notes
Turn   | Place    | Note
--------------------------------------------------------------
     0 | D:1      | gorblad the Demonspawn Fighter began the quest for the Orb.
     0 | D:1      | Reached XP level 1. HP: 18/18 MP: 1/1
   156 | D:1      | Gained mutation: You are partially covered in icy blue scales (AC +1). [demonic ancestry]
   156 | D:1      | Reached XP level 2. HP: 22/24 MP: 2/2
   627 | D:2      | Found a sparkling altar of Nemelex Xobeh.
   689 | D:2      | Noticed Jessica
   705 | D:2      | Gained mutation: You are immune to rotting. [demonic ancestry]
   705 | D:2      | Reached XP level 3. HP: 29/29 MP: 3/3
   871 | D:2      | Found a glowing golden altar of the Shining One.
  1143 | D:2      | Found a sacrificial altar of Ru.
  1144 | D:2      | Found an opulent altar of Gozag.
  1444 | D:3      | Reached skill level 1 in Dodging
  1444 | D:3      | Gained mutation: You have sharp fingernails. [demonic ancestry]
  1444 | D:3      | Reached XP level 4. HP: 6/35 MP: 4/4
  1446 | D:3      | Noticed Ijyb
  1448 | D:3      | Killed from afar by Ijyb

Action                   |  1- 3 |  4- 6 || total
-------------------------+-------+-------++-------
Melee: Trident           |   111 |     2 ||   113
  Use: Scroll            |     7 |       ||     7
  Eat: Chunk             |     2 |       ||     2
